 Dungeon Crawl Stone Soup version 0.21.0 (webtiles) character file.

125 Blackhawk the Firebug (level 5, -2/38 HPs)
             Began as a Hill Orc Fire Elementalist on May 29, 2018.
             Killed from afar by Sigmund (8 damage)
             ... with a magic dart
             ... on level 2 of the Dungeon.
             The game lasted 00:13:42 (2950 turns).

Blackhawk the Firebug (Hill Orc Fire Elementalist)  Turns: 2950, Time: 00:13:43

Health: -2/38      AC:  2    Str: 11    XL:     5   Next: 9%
Magic:  1/8        EV: 12    Int: 16    God:
Gold:   86         SH:  0    Dex: 11    Spells: 2/8 levels left

rFire    . . .     SeeInvis .   e - +0 dagger
rCold    . . .     Gourm    .   (no shield)
rNeg     . . .     Faith    .   a - +0 robe
rPois    .         Spirit   .   (no helmet)
rElec    .         Reflect  .   (no cloak)
rCorr    .         Harm     .   (no gloves)
MR       .....                  (no boots)
Stlth    ++........             (no amulet)
HPRegen  0.12/turn              (no ring)
MPRegen  0.11/turn              (no ring)

@: no status effects
A: no striking features
a: no special abilities


You were on level 2 of the Dungeon.
You were very hungry.

You visited 1 branch of the dungeon, and saw 2 of its levels.

You collected 86 gold pieces.

Inventory:

Hand Weapons
 e - a +0 dagger (weapon)
Armour
 a - a +0 robe (worn)
Jewellery
 h - an uncursed ring of magical power {unknown}
Scrolls
 g - 3 scrolls of remove curse {unknown}
 i - a scroll of teleportation {unknown}
Potions
 d - 2 potions of heal wounds {unknown}
 f - a potion of agility {unknown}
Books
 b - a book of Flames

   Spells                             Type                      Level
   a - Flame Tongue                   Conjuration/Fire             1
   b - Throw Flame                    Conjuration/Fire             2
   c - Conjure Flame                  Conjuration/Fire             3
   d - Inner Flame                    Hexes/Fire                   3
   e - Sticky Flame                   Conjuration/Fire             4
   f - Fireball                       Conjuration/Fire             5
Comestibles
 c - 4 rations
 j - a chunk of flesh


   Skills:
 - Level 0.2 Fighting
 + Level 0.4 Short Blades
 + Level 2.1 Dodging
 - Level 1.5 Stealth
 - Level 0.4 Unarmed Combat
 + Level 2.4 Spellcasting
 + Level 2.5 Conjurations
 + Level 4.0 Fire Magic


You had 2 spell levels left.
You knew the following spells:

 Your Spells              Type           Power        Failure   Level  Hunger
a - Flame Tongue          Conj/Fire      ##...        4%          1    #......
b - Conjure Flame         Conj/Fire      ##......     16%         3    ###....
c - Throw Flame           Conj/Fire      ##....       8%          2    ###....


Dungeon Overview and Level Annotations

Branches:
Dungeon (2/15)

Altars:

Annotations:
D:2 Sigmund


Message History

You don't know that spell.
You are too injured to fight recklessly!
Sigmund misses you.
You closely miss Sigmund.
Sigmund is almost dead.
Sigmund hits you with a scythe!
* * * LOW HITPOINT WARNING * * *
You hit Sigmund.
Sigmund is almost dead.
Sigmund mumbles some strange words.
Sigmund flickers and vanishes!
Deactivating autopickup; reactivate with Ctrl-A.
Casting: Throw Flame
Confirm with . or Enter, or press ? or * to list all spells.
You can't see any susceptible monsters within range! (Use Z to cast anyway.)
You miss something.
You hear some strange, mumbled words.
A magic dart appears from out of thin air!
The magic dart hits you!
You die...

..........####'##
#######..## #.# ...#
##.# #.# ...#
###'#####.# ###### .♣.♣
#.........# ...... ##.#
#.........###(.....
#♣.♣#♣..................
........................
#♣.♣#♣..........@{......
.....#.).......###......
.♣.♣.#####..#.....######
.....# ##.#.....# ....##
#.#.....# ....#
#.......# ....#
##......# ....# #...####
....# ##..#


There were no monsters in sight!

Vanquished Creatures
  Robin (D:2)
  4 adders (D:2)
  A worm (D:2)
  4 dart slugs (D:1)
  2 leopard geckos (D:2)
  2 ball pythons (D:1)
  2 bats
  8 giant cockroaches
  14 goblins
  10 hobgoblins
  A quokka (D:2)
  2 frilled lizards (D:1)
  4 kobolds
  4 rats
59 creatures vanquished.

Notes
Turn   | Place    | Note
-------+----------+-------------------------------------------
     0 | D:1      | Blackhawk the Hill Orc Fire Elementalist began the quest for the Orb.
     0 | D:1      | Reached XP level 1. HP: 14/14 MP: 3/3
   246 | D:1      | Reached XP level 2. HP: 20/20 MP: 2/4
   635 | D:1      | Reached XP level 3. HP: 18/26 MP: 1/6
  1053 | D:1      | Learned a level 3 spell: Conjure Flame
  1056 | D:1      | Learned a level 2 spell: Throw Flame
  1180 | D:2      | Noticed Robin
  1487 | D:2      | Reached XP level 4. HP: 33/33 MP: 3/7
  1782 | D:2      | Killed Robin
  2317 | D:2      | Reached skill level 4 in Fire Magic
  2727 | D:2      | Noticed Sigmund
  2741 | D:2      | Reached XP level 5. HP: 38/38 MP: 4/8
  2950 | D:2      | Killed from afar by Sigmund

Skill      XL: |  1  2  3  4 |
---------------+-------------+-----
Spellcasting   | 2 |  2.4
Conjurations   | 2 |  2.5
Dodging        | 2 |  2.1
Fire Magic     | 4 |  4.0
Fighting       | |  0.2
Short Blades   | |  0.4
Stealth        | |  1.5
Unarmed Combat | |  0.4

Action                   |  1- 3 |  4- 6 || total
-------------------------+-------+-------++-------
Melee: Unarmed           |    38 |       ||    38
       Dagger            |    21 |    43 ||    64
 Cast: Flame Tongue      |    48 |    41 ||    89
       Throw Flame       |     4 |    15 ||    19
       Conjure Flame     |     1 |     2 ||     3
  Eat: Chunk             |     2 |     3 ||     5
       Ration            |     1 |       ||     1
Armor: Robe              |    24 |     7 ||    31
Dodge: Dodged            |    49 |    37 ||    86
